 Dungeon Crawl Stone Soup version 0.23.1-37-gaa34b87 (webtiles) character file.

Game seed: 14608577712910585276

20266 Gadfly the Cleaver (level 13, -1/97 HPs)
             Began as a Formicid Fighter on Mar 27, 2019.
             Was a Believer of Uskayaw.
             Succumbed to a sea snake's poison
             ... on level 13 of the Dungeon.
             The game lasted 00:34:32 (15082 turns).

Gadfly the Cleaver (Formicid Fighter)              Turns: 15082, Time: 00:34:32

Health: -1/97      AC: 16    Str: 27    XL:     13   Next: 11%
Magic:  16/20      EV: 10    Int:  8    God:    Uskayaw [**....]
Gold:   673        SH:  0    Dex: 10    Spells: 10/12 levels left

rFire    + . .     SeeInvis +   b - +3 executioner's axe (freeze)
rCold    + . .     Gourm    .   c - +0 shield
rNeg     + . .     Faith    .   o - +0 plate armour
rPois    +         Spirit   +   (helmet unavailable)
rElec    +         Reflect  .   r - scarf {cloud immunity}
rCorr    +         Harm     .   z - +0 pair of gloves {Dex+3}
MR       +....                  E - +0 pair of boots
Stlth    ..........             u - amulet of Xaluul {Spirit rElec rN+ Dex-4 Stlth+}
HPRegen  0.26/turn              n - +2 ring of strength
MPRegen  0.17/turn              y - +3 ring of evasion

@: confused, lethally poisoned (-1 -> -69), resistant
A: permanent stasis, dig shafts and tunnels, four strong arms, antennae 3
a: Dig, Shaft Self, Stomp, Line Pass, Renounce Religion


You were on level 13 of the Dungeon.
You worshipped Uskayaw.
Uskayaw was aware of your devotion.
You were very hungry.

You visited 2 branches of the dungeon, and saw 14 of its levels.
You also visited: Ice Cave.

You collected 733 gold pieces.
You spent 60 gold pieces at shops.

Inventory:

Hand Weapons
 a - a +0 battleaxe of electrocution
 b - a +3 executioner's axe of freezing (weapon)
 d - a +1 demon trident of freezing
 J - a +0 dire flail of protection
Missiles
 g - 3 throwing nets (quivered)
Armour
 c - a +0 shield (worn)
 h - a scarf of spirit shield
 o - a +0 plate armour (worn)
 r - a scarf of cloud immunity (worn)
 s - a +2 scale mail of cold resistance
 z - a +0 pair of gloves of dexterity (worn)
 A - a +0 large shield
 E - a +0 pair of boots (worn)
Jewellery
 e - an uncursed ring of ice
 i - an uncursed ring of protection from magic
 n - a +2 ring of strength (left hand)
 t - an uncursed ring of positive energy
 u - the amulet of Xaluul (around neck) {Spirit rElec rN+ Dex-4 Stlth+}
   (You found it on level 5 of the Dungeon)

   [amulet of guardian spirit]

   It causes incoming damage to be split between your health and magic.
   It affects your dexterity (-4).
   It insulates you from electricity.
   It protects you from negative energy.
   It makes you more stealthy.
 y - a +3 ring of evasion (right hand)
 D - an uncursed ring of resist corrosion
 L - an uncursed ring of fire
 M - a cursed -2 ring of dexterity
Wands
 k - a wand of enslavement (6)
 p - a wand of iceblast (5)
 x - a wand of digging (1)
 C - a wand of polymorph (2)
 H - a wand of disintegration (20)
Scrolls
 l - 2 scrolls of remove curse
 m - 3 scrolls of identify
 G - a scroll of fear
 K - a scroll of blinking {unknown}
Potions
 w - a potion of flight
 B - a potion of agility
 F - 2 potions of brilliance
 N - a potion of resistance
Miscellaneous
 j - a box of beasts
 I - a lamp of fire
Comestibles
 f - 17 rations


   Skills:
 + Level 7.6 Fighting
 * Level 12.8 Axes
 + Level 7.6 Armour
 + Level 8.3 Shields
 * Level 10.4 Invocations
 * Level 9.5 Evocations


You had 10 spell levels left.
You knew the following spells:

 Your Spells              Type           Power        Failure   Level  Hunger
a - Apportation           Tloc           #.....       99%         1    ##.....
b - Confusing Touch       Hex            #.....       99%         1    ##.....

Your spell library contained the following spells:

 Spells                   Type           Power        Failure   Level  Hunger
 Animate Skeleton         Necr           N/A          99%         1    ##.....
 Corona                   Hex            #......      99%         1    ##.....
 Summon Small Mammal      Summ           #...         99%         1    ##.....
 Call Imp                 Summ           #.......     100%        2    ###....
 Ensorcelled Hibernation  Hex/Ice        #.....       100%        2    ###....
 Call Canine Familiar     Summ           #.......     100%        3    ####...
 Confuse                  Hex            #.......     100%        3    ####...
 Dazzling Spray           Conj/Hex       #.....       100%        3    ####...
 Summon Guardian Golem    Hex/Summ       #.......     100%        3    ####...
 Tukima's Dance           Hex            #.......     100%        3    ####...
 Summon Ice Beast         Ice/Summ       #.......     100%        4    #####..
 Summon Lightning Spire   Summ/Air       #.......     100%        4    #####..


Dungeon Overview and Level Annotations

Branches:
Dungeon (13/15)            Temple (1/1) D:4            Lair (0/6) D:11
    Orc: D:9-12      Vaults: D:13-14

Altars:
Ashenzari
Cheibriados
Dithmenos
Elyvilon
Fedhas
Gozag
Hepliaklqana
Kikubaaqudgha
Makhleb
Nemelex Xobeh
Okawaru
Qazlal
Ru
Sif Muna
Trog
Uskayaw
Vehumet
Wu Jian
Xom
Yredelemnul
Zin
The Shining One

Shops:
D:10 =   D:11 *

Portals:
Trove: D:10 (give 2 scrolls of acquirement)

Annotations:
D:3 2 transporters, Seifer's ghost, amateur OpAs
D:7 1 runed translucent door
D:12 3 runed translucent doors


Innate Abilities, Weirdness & Mutations

You cannot be hasted, slowed, berserked, paralysed or teleported.
You can dig through walls and to a lower floor.
Your four strong arms can wield two-handed weapons with a shield.
You have a pair of large antennae on your head. (SInv)


Message History

The sea snake closely misses you.
Okay, then.
Okay, then.
You bump into the rock wall.
* * * LOW HITPOINT WARNING * * *
You feel sick.
The centaur warrior zombie closely misses you.
The sea snake bites you.
* * * LOW HITPOINT WARNING * * *
You are more poisoned.
The sea snake poisons you! The soldier ant stings you.
You slash the centaur warrior zombie!
You destroy the centaur warrior zombie!
You hit the soldier ant but do no damage.
You closely miss the sea snake.
* * * LOW HITPOINT WARNING * * *
You feel extremely sick. The sea snake bites you.
The soldier ant barely misses you.
Okay, then.
You die...

... ## ... .
#.###.. ..
#..#..##...
...#......
#.........
####.......#
...##..a.@.##..
........... .#
.##. ...... ##
# ....) ##


You could see a sea snake and a soldier ant.

Vanquished Creatures
  4 hydras
  Fannar (D:10)
  2 two-headed ogres
  A centaur warrior (D:11)
  An unseen horror (D:11)
  An ugly thing (D:12)
  A cyclops (D:7)
  2 ice statues (IceCv)
  A gargoyle (D:12)
  A centaur skeleton (D:12)
  2 kobold demonologists
  8 ice devils
  2 trolls
  Grinder (D:6)
  2 hippogriffs
  A spriggan (D:7)
  A wraith (D:11)
  12 yaks
  2 steam dragons
  A hungry ghost (D:8)
  Menkaure (D:4)
  Duvessa (D:5)
  Edmund (D:6)
  4 sky beasts (D:9)
  6 orc warriors
  An ice beast (D:5)
  2 phantoms (D:11)
  A necrophage (D:7)
  3 ogres (D:10)
  A wolf (D:11)
  3 centaurs
  8 bullfrogs
  Dowan (D:5)
  2 wyvern skeletons (D:7)
  2 scorpions
  10 killer bees
  3 howler monkeys (D:9)
  8 wights
  4 electric eels
  5 crimson imps
  A bullfrog zombie (D:12)
  10 hounds
  2 quasits
  3 centaur zombies
  A bullfrog skeleton (D:5)
  2 jellies
  9 orc priests
  6 iguanas
  8 orc wizards
  12 worker ants
  2 hound skeletons
  A howler monkey zombie (D:7)
  5 worker ant zombies
  10 gnolls
  A howler monkey skeleton (D:5)
  11 adders
  2 shadow imps
  7 white imps (IceCv)
  9 ufetubi (IceCv)
  2 oozes (D:1)
  3 adder zombies
  2 adder skeletons
  3 worms
  3 dart slugs (D:1)
  4 leopard geckos
  44 orcs
  10 bats
  8 giant cockroaches
  8 goblins
  5 hobgoblins
  5 jackals
  2 quokkas
  7 frilled lizards
  A jackal skeleton (D:6)
  16 kobolds
  A leopard gecko zombie (D:5)
  9 rats
349 creatures vanquished.

Vanquished Creatures (others)
  A reaper (IceCv)
  3 white imps (IceCv)
  2 ufetubi (IceCv)
6 creatures vanquished.

Grand Total: 355 creatures vanquished

Notes
Turn   | Place    | Note
-------+----------+-------------------------------------------
     0 | D:1      | Gadfly the Formicid Fighter began the quest for the Orb.
     0 | D:1      | Reached XP level 1. HP: 18/18 MP: 1/1
    33 | D:1      | Reached XP level 2. HP: 24/24 MP: 2/2
   138 | D:1      | Reached skill level 3 in Axes
   294 | D:1      | Reached XP level 3. HP: 27/29 MP: 3/3
  1072 | D:2      | Reached skill level 4 in Axes
  1072 | D:2      | Reached XP level 4. HP: 32/35 MP: 4/4
  1429 | D:2      | Found a snail-covered altar of Cheibriados.
  1621 | D:2      | Found a radiant altar of Vehumet.
  1964 | D:2      | Reached XP level 5. HP: 41/41 MP: 5/5
  2024 | D:3      | Reached skill level 5 in Axes
  2254 | D:3      | Found a deep blue altar of Sif Muna.
  2318 | D:3      | Found a snail-covered altar of Cheibriados.
  2600 | D:3      | You fall through a shaft for 2 floors!
  2600 | D:5      | Entered Level 5 of the Dungeon
  2617 | D:5      | Reached XP level 6. HP: 22/47 MP: 3/6
  2618 | D:5      | Reached skill level 6 in Axes
  2814 | D:5      | Noticed Duvessa
  2814 | D:5      | Noticed Dowan
  2816 | D:5      | Got a fine steel amulet
  2825 | D:5      | Identified the amulet of Xaluul {Spirit rElec rN+ Dex-4
                  | Stlth+} (You found it on level 5 of the Dungeon)
  2839 | D:5      | Killed Duvessa
  2839 | D:5      | Reached skill level 7 in Axes
  2839 | D:5      | Reached XP level 7. HP: 33/52 MP: 5/7
  2849 | D:5      | Killed Dowan
  3124 | D:4      | Reached skill level 8 in Axes
  3388 | D:4      | Found a blossoming altar of Fedhas.
  3442 | D:3      | Found a transporter.
  3447 | D:3      | Noticed Seifer's ghost (amateur OpAs)
  3654 | D:3      | Found a transporter.
  4157 | D:4      | Noticed Menkaure
  4163 | D:4      | Killed Menkaure
  4163 | D:4      | Reached XP level 8. HP: 57/58 MP: 8/8
  4222 | D:4      | Found a staircase to the Ecumenical Temple.
  4238 | Temple   | Entered the Ecumenical Temple
  4370 | D:4      | Found a white marble altar of Elyvilon.
  4394 | D:4      | Became a worshipper of Elyvilon the Healer
  4572 | D:5      | Reached skill level 9 in Axes
  4880 | D:5      | Found an opulent altar of Gozag.
  5366 | D:5      | Reached * piety under Elyvilon
  5413 | D:5      | Noticed a +0 dagger
  5413 | D:5      | Noticed a +0 dagger
  5414 | D:5      | Found a hide-covered altar of Uskayaw.
  5548 | D:5      | Fell from the grace of Elyvilon
  5548 | D:5      | Became a worshipper of Uskayaw the Reveler
  5640 | D:6      | Reached * piety under Uskayaw
  5642 | D:6      | Reached skill level 10 in Axes
  5642 | D:6      | Reached skill level 1 in Invocations
  5642 | D:6      | Reached skill level 1 in Evocations
  5688 | D:6      | Noticed Edmund
  5711 | D:6      | Killed Edmund
  5711 | D:6      | Reached XP level 9. HP: 56/64 MP: 8/10
  5711 | D:6      | Reached ** piety under Uskayaw
  6352 | D:6      | Noticed Grinder
  6377 | D:6      | Killed Grinder
  6834 | D:7      | Reached *** piety under Uskayaw
  6839 | D:7      | Reached **** piety under Uskayaw
  7236 | D:7      | Found a runed translucent door.
  7236 | D:7      | Noticed a sixfirhy
  7262 | D:7      | Noticed a cyclops
  7503 | D:7      | Killed a cyclops
  7503 | D:7      | Reached skill level 5 in Shields
  7503 | D:7      | Reached XP level 10. HP: 58/73 MP: 9/13
  7576 | D:7      | Reached skill level 5 in Invocations
  7872 | D:7      | Found a glowing golden altar of the Shining One.
  8123 | D:7      | Reached skill level 5 in Evocations
  8283 | D:8      | Learned a level 1 spell: Apportation
  8285 | D:8      | Learned a level 1 spell: Confusing Touch
  8321 | D:8      | Reached skill level 5 in Armour
  8324 | D:8      | Reached skill level 5 in Fighting
  8426 | D:8      | Noticed an angel
  8427 | D:8      | Found a glowing silver altar of Zin.
  8476 | D:8      | Reached skill level 11 in Axes
  8703 | D:9      | Found an iron altar of Okawaru.
  8778 | D:9      | Reached ***** piety under Uskayaw
  8876 | D:9      | Reached XP level 11. HP: 68/80 MP: 11/16
  9219 | D:8      | HP: 4/81 [poisoned by a killer bee]
  9227 | D:8      | HP: 4/81 [poisoned by a killer bee]
  9602 | D:9      | Noticed a two-headed ogre
  9610 | D:9      | Killed a two-headed ogre
 10025 | D:10     | Entered Level 10 of the Dungeon
 10388 | D:10     | Identified a scroll of acquirement
 10527 | D:10     | Noticed Fannar
 10548 | D:10     | Killed Fannar
 10971 | D:10     | Found a portal to a secret trove of treasure.
 11072 | D:10     | Found Fohais's Jewellery Emporium.
 11078 | D:10     | Bought a cursed amulet of inaccuracy for 32 gold pieces
 11504 | D:11     | Found a frozen archway.
 11698 | IceCv    | Entered an ice cave
 11817 | IceCv    | Reached skill level 12 in Axes
 11827 | IceCv    | Killed a reaper
 11989 | IceCv    | Reached XP level 12. HP: 89/89 MP: 18/18
 12757 | D:11     | Noticed a four-headed hydra
 12757 | D:11     | Noticed an unseen horror
 12778 | D:11     | Killed a five-headed hydra
 12782 | D:11     | Killed an unseen horror
 12987 | D:11     | Noticed a four-headed hydra
 13018 | D:11     | Killed a four-headed hydra
 13140 | D:11     | Noticed an eight-headed hydra
 13168 | D:11     | Killed an eight-headed hydra
 13224 | D:11     | Noticed a centaur warrior
 13658 | D:11     | Killed a centaur warrior
 13823 | D:11     | Found a staircase to the Lair.
 14049 | D:11     | Found Ycuff's Assorted Antiques.
 14055 | D:11     | Bought a scroll labeled SUMEPPIJIT for 28 gold pieces
 14560 | D:12     | Noticed a two-headed ogre
 14567 | D:12     | Killed a two-headed ogre
 14567 | D:12     | Reached skill level 10 in Invocations
 14873 | D:12     | Reached XP level 13. HP: 95/96 MP: 20/20
 14936 | D:12     | Noticed a five-headed hydra
 14948 | D:12     | Killed a five-headed hydra
 15017 | D:12     | Found a runed translucent gate.
 15017 | D:12     | Found a runed translucent gate.
 15017 | D:12     | Found a runed translucent gate.
 15019 | D:12     | Noticed a cyan very ugly thing
 15049 | D:12     | Noticed an ice dragon
 15049 | D:12     | a slime creature changed into an ice dragon
 15080 | D:13     | HP: 4/96 [sea snake (2)]
 15081 | D:13     | HP: 1/97 [poisoned by a sea snake]
 15082 | D:13     | Succumbed to a sea snake's poison

Skill      XL: |  1  2  3  4  5  6  7  8  9 10 11 12 |
---------------+-------------------------------------+-----
Axes           | 3 4 5 7 8 10 11 12 | 12.8
Invocations    | 1 4 6 8 10 | 10.4
Evocations     | 1 4 6 7 9 |  9.5
Shields        | 5 6 7 8 |  8.3
Armour         | 4 5 6 7 |  7.6
Fighting       | 4 5 6 7 |  7.6

Action                   |  1- 3 |  4- 6 |  7- 9 | 10-12 | 13-15 || total
-------------------------+-------+-------+-------+-------+-------++-------
Melee: War axe           |    52 |   170 |   483 |    56 |       ||   761
       Battleaxe         |       |       |       |   547 |       ||   547
       Executioner's axe |       |       |       |   111 |    24 ||   135
       Demon trident     |       |       |       |    33 |     7 ||    40
Invok: Line Pass         |       |       |     1 |       |       ||     1
       Stomp             |       |       |       |     2 |       ||     2
Evoke: Wand              |       |       |       |     2 |     1 ||     3
  Use: Scroll            |     2 |     5 |     4 |    11 |       ||    22
       Potion            |       |     1 |     7 |     4 |     4 ||    16
 Stab: Paralysed         |       |       |     5 |    43 |     1 ||    49
       Confused          |       |       |     2 |       |       ||     2
  Eat: Chunk             |       |     6 |    16 |    22 |     1 ||    45
       Ration            |       |       |       |     2 |       ||     2
Armor: Scale mail        |    33 |       |       |       |       ||    33
       Plate armour      |       |   102 |   193 |   402 |    29 ||   726
       Skin              |       |       |       |    43 |       ||    43
Dodge: Dodged            |    19 |    51 |   111 |   364 |    28 ||   573
Block: Shield            |    33 |    95 |   244 |   494 |    20 ||   886
